 Dungeon Crawl Stone Soup version 0.19.4-8-ga85b6b9 (webtiles) character file.

298 empire the Shield-Bearer (level 6, -1/56 HPs)
             Began as a Minotaur Fighter on Feb 13, 2017.
             Succumbed to Sigmund's poison
             ... on level 3 of the Dungeon.
             The game lasted 00:05:42 (2163 turns).

empire the Shield-Bearer (Minotaur Fighter)         Turns: 2163, Time: 00:05:43

Health: -1/56      AC:  9    Str: 22    XL:     6   Next: 13%
Magic:  5/5        EV:  7    Int:  5    God:
Gold:   235        SH: 10    Dex: 10    Spells: 0 memorised, 5 levels left

rFire  . . .     SeeInvis +     a - +0 war axe
rCold  . . .     Gourm    .     b - +0 scale mail
rNeg   . . .     Faith    .     c - +0 shield
rPois  .         Spirit   .     (helmet restricted)
rElec  .         Reflect  .     z - +1 cloak
rCorr  .         Harm     .     (no gloves)
MR     .....                    (no boots)
Stlth  ..........               (no amulet)
                                (no ring)
                                p - ring of see invisible

@: lethally poisoned (-1 -> -13)
A: retaliatory headbutt, horns 2, talons 1, slow regeneration 1, subdued magic 1
a: no special abilities


You were on level 3 of the Dungeon.
You were not hungry.

You visited 1 branch of the dungeon, and saw 4 of its levels.

You collected 235 gold pieces.

Inventory:

Hand Weapons
 a - a +0 war axe (weapon)
 o - a +1 mace of protection
 w - a +0 long sword
 y - a +2 quarterstaff of chaos
 B - a +1 mace of holy wrath
Armour
 b - a +0 scale mail (worn)
 c - a +0 shield (worn)
 z - a +1 cloak (worn)
Jewellery
 p - a ring of see invisible (left hand)
 s - an uncursed amulet of harm
Wands
 v - a wand of enslavement (6/24)
Scrolls
 e - 2 scrolls of identify
 g - a scroll of remove curse
 h - 4 scrolls of enchant weapon
Potions
 t - a potion of brilliance
Comestibles
 f - 3 bread rations
 i - a chunk of flesh
 l - a slice of pizza
 m - 2 meat rations
 u - a fruit
 x - a beef jerky


   Skills:
 + Level 5.0 Fighting
 + Level 4.3 Axes
 + Level 5.1 Armour
 + Level 5.3 Shields


You had 5 spell levels left.
You didn't know any spells.

Dungeon Overview and Level Annotations

Branches:
Dungeon (4/15)
 Temple: D:4-7

Altars:
Sif Muna


Innate Abilities, Weirdness & Mutations

You reflexively headbutt those who attack you in melee.
You have a pair of horns on your head.
You have sharp toenails.
You regenerate slowly when monsters are visible.
Your spells are a little easier to cast, but a little less powerful.


Message History

The sky beast barely misses you.
You hit the sky beast.
The sky beast is severely wounded.
* * * LOW HITPOINT WARNING * * *
You feel sick. You block the sky beast's attack.
Unknown command.
You barely miss the sky beast. Your kick misses the sky beast.
The sky beast is severely wounded.
* * * LOW HITPOINT WARNING * * *
You feel sick. You block the sky beast's attack.
Unknown command.
You closely miss the sky beast. Your kick misses the sky beast.
Your headbutt misses the sky beast.
The sky beast is severely wounded.
* * * LOW HITPOINT WARNING * * *
You feel sick. You block the sky beast's attack.
Unknown command.
You barely miss the sky beast. Your kick misses the sky beast.
The sky beast is severely wounded.
You die...

.## ######. ...
....).. ..# ######
### #.# # ..#
#.####### # #.#
#.#.....# #
#.#####)#.###.# #
#.........# #.####
#@#####.#.###.....
#)Y....##.....####
#......≈#####.#.#####
####.#### ##.## # ###


You could see a sky beast.

Vanquished Creatures
  Sigmund (D:3)
  Crazy Yiuf (D:2)
  A hound zombie (D:3)
  2 adders (D:2)
  An ooze (D:1)
  3 worms
  3 leopard geckos (D:2)
  7 orcs (D:3)
  A giant cockroach (D:2)
  9 hobgoblins
  A jackal (D:2)
  2 quokkas (D:2)
  8 bats
  4 frilled lizards
  7 goblins
  4 kobolds
  6 rats
61 creatures vanquished.

Notes
Turn   | Place    | Note
-------+----------+-------------------------------------------
     0 | D:1      | empire the Minotaur Fighter began the quest for the Orb.
     0 | D:1      | Reached XP level 1. HP: 19/19 MP: 0/0
   231 | D:1      | Reached XP level 2. HP: 22/26 MP: 1/1
   569 | D:2      | Reached XP level 3. HP: 32/33 MP: 2/2
   745 | D:2      | Found a deep blue altar of Sif Muna.
   997 | D:2      | Reached XP level 4. HP: 4/40 MP: 3/3
  1415 | D:2      | Found a runed door.
  1419 | D:2      | Noticed Crazy Yiuf
  1433 | D:2      | Killed Crazy Yiuf
  1941 | D:3      | Reached XP level 5. HP: 47/47 MP: 4/4
  2138 | D:3      | Noticed Sigmund
  2139 | D:3      | Gained mutation: You regenerate slowly when monsters are visible. [potion of mutation]
  2139 | D:3      | Gained mutation: Your spells are a little easier to cast, but a little less powerful. [potion of mutation]
  2139 | D:3      | Gained mutation: You have sharp toenails. [potion of mutation]
  2144 | D:3      | Noticed a sky beast
  2158 | D:3      | Killed Sigmund
  2158 | D:3      | Reached skill level 5 in Fighting
  2158 | D:3      | Reached skill level 5 in Armour
  2158 | D:3      | Reached skill level 5 in Shields
  2158 | D:3      | Reached XP level 6. HP: 8/56 MP: 5/5
  2161 | D:3      | HP: 2/56 [poisoned by Sigmund]
  2163 | D:3      | Succumbed to Sigmund's poison

Skill      XL: |  1  2  3  4  5 |
---------------+----------------+-----
Shields        | 4 5 |  5.3
Armour         | 4 5 |  5.1
Axes           | 3 4 |  4.3
Fighting       | 4 5 |  5.0

Action                   |  1- 3 |  4- 6 || total
-------------------------+-------+-------++-------
Melee: War axe           |   103 |    66 ||   169
       Headbutt          |    11 |    13 ||    24
       Kick              |       |     2 ||     2
  Use: Potion            |     1 |     5 ||     6
       Scroll            |       |    10 ||    10
  Eat: Chunk             |       |     5 ||     5
Armor: Scale mail        |    56 |    22 ||    78
Dodge: Dodged            |    40 |    15 ||    55
Block: Shield            |    63 |    43 ||   106
